Map: 에코 - 래더 (공허)

Players

Classic - Winner!

  • Race: Protoss Protoss

GuMiho

  • Race: Terran Terran
  • League: Master

VOD

Have the link to the VOD?

Description

Time

  • Played on: Nov. 26, 2016, 5:19 a.m.
  • Length: 8:43
Show
View Real Time Build Order
Export as new Build Order

Classic Protoss - Winner!

Build Orders: Oracle Opening 

Get SALT Encoding   

  12  0:00  Probe (Chrono Boost)  
  13  0:11  Probe (Chrono Boost)  
  14  0:18  Pylon  
  14  0:22  Probe (Chrono Boost)  
  15  0:36  Probe (Chrono Boost), Gateway  
  15  0:40  Assimilator  
  16  0:47  Probe (Chrono Boost)  
  17  0:52  Assimilator  
  17  0:57  Probe (Chrono Boost)  
  18  1:08  Probe (Chrono Boost)  
  20  1:18  Probe (Chrono Boost)  
  20  1:23  Cybernetics Core  
  20  1:29  Pylon, Probe (Chrono Boost)  
  21  1:40  Probe (Chrono Boost)  
  22  1:50  Probe (Chrono Boost)  
  23  1:59  Stargate  
  23  2:00  Adept  
  25  2:01  Mothership Core (Chrono Boost)  
  25  2:07  Pylon  
  27  2:11  Warp Gate  
  27  2:21  Probe (Chrono Boost)  
  28  2:25  Adept  
  30  2:33  Probe (Chrono Boost)  
  31  2:38  Oracle  
  34  2:55  Pylon  
  34  2:59  Pylon x2  
  34  3:09  Oracle  
  34  3:34  Nexus  
  34  3:37  Probe (Chrono Boost)  
  34  3:40  Oracle  
  36  3:50  Probe (Chrono Boost)  
  36  3:54  Gateway  
  36  3:58  Gateway  
  36  4:11  Oracle  
  39  4:17  Pylon  
  39  4:19  Probe (Chrono Boost)  
  40  4:30  Pylon  
  40  4:42  Oracle  
  40  4:50  Probe (Chrono Boost)  
  40  4:51  Probe (Chrono Boost)  
  44  4:57  Stalker x2  
  44  4:58  Adept  
  50  5:05  Probe (Chrono Boost)  
  52  5:07  Probe (Chrono Boost)  
  52  5:16  Probe (Chrono Boost)  
  52  5:19  Probe (Chrono Boost), Oracle  
  57  5:28  Probe (Chrono Boost)  
  57  5:30  Pylon  
  57  5:31  Probe (Chrono Boost)  
  59  5:39  Probe (Chrono Boost)  
  61  5:43  Probe (Chrono Boost), Adept x3  
  67  5:56  Pylon  
  64  6:08  Pylon  
  60  6:17  Stalker x2  
  55  6:18  Adept  
  55  6:25  Probe (Chrono Boost)  
  55  6:27  Probe (Chrono Boost)  
  55  6:36  Probe (Chrono Boost)  
  55  6:39  Probe (Chrono Boost)  
  57  6:44  Stalker  
  52  6:51  Zealot x2  
  56  6:57  Probe (Chrono Boost)  
  56  6:58  Probe (Chrono Boost)  
  56  7:04  Assimilator  
  56  7:08  Probe (Chrono Boost)  
  57  7:09  Probe (Chrono Boost)  
  57  7:12  Pylon  
  58  7:17  Stalker  
  58  7:19  Probe x2 (Chrono Boost)  
  58  7:22  Pylon  
  61  7:31  Stalker  
  61  7:36  Pylon  
  63  7:37  Stalker  
  63  7:43  Probe x2 (Chrono Boost)  
  67  7:48  Stalker  
  69  7:53  Assimilator  
  69  7:55  Stalker  
  73  7:58  Probe x2 (Chrono Boost)  
  73  8:06  Stalker  
  75  8:15  Stalker  
  75  8:19  Nexus  
  77  8:21  Robotics Facility  
  77  8:22  Pylon  
  77  8:28  Stalker  
  77  8:29  Stalker  
Show
View Real Time Build Order
Export as new Build Order

GuMiho Terran 

Build Orders: Cyclone Opening, Reaper Expand 

Get SALT Encoding   

  12  0:00  SCV  
  13  0:13  SCV  
  14  0:17  Supply Depot  
  14  0:25  SCV  
  15  0:28  Refinery  
  15  0:39  SCV  
  16  0:44  Barracks  
  16  0:51  SCV  
  17  1:03  SCV  
  18  1:15  SCV  
  19  1:31  Orbital Command  
  19  1:32  Reaper  
  20  1:41  Command Center  
  20  1:51  Factory  
  20  1:56  SCV  
  21  2:03  Supply Depot  
  21  2:08  Barracks Reactor, SCV  
  21  2:13  Refinery  
  22  2:21  SCV  
  23  2:33  SCV  
  24  2:38  Bunker  
  24  2:40  Cyclone  
  27  2:44  Marine x2  
  27  2:46  SCV  
  30  2:55  Orbital Command  
  30  3:00  SCV  
  30  3:02  Marine x2  
  33  3:12  SCV  
  33  3:20  Marine x2  
  34  3:31  Cyclone  
  34  3:34  SCV  
  35  3:38  Engineering Bay, Marine  
  35  3:41  SCV  
  37  3:46  SCV  
  38  3:52  Marine  
  37  3:55  Supply Depot  
  37  3:57  Starport  
  38  4:05  Supply Depot  
  34  4:10  SCV x2  
  34  4:16  Missile Turret  
  37  4:18  Barracks Tech Lab  
  37  4:20  Widow Mine  
  38  4:31  Missile Turret  
  38  4:38  Medivac  
  32  4:44  SCV  
  33  4:52  Widow Mine  
  33  4:56  SCV  
  33  4:57  Liberator  
  35  5:02  SCV  
  35  5:06  Stimpack  
  36  5:08  SCV  
  36  5:12  Marine  
  38  5:19  SCV  
  43  5:21  SCV  
  43  5:30  Barracks  
  43  5:33  Factory Reactor, Marine  
  45  5:42  Bunker  
  43  5:50  Marine  
  34  6:04  Cyclone  
  34  6:06  SCV  
  34  6:08  Marine  
  37  6:18  SCV  
  36  6:26  Marine  
  37  6:36  SCV  
  36  6:44  Marine  
  37  6:48  SCV x2  
  37  7:00  SCV x2  
  38  7:02  Marine  
  38  7:03  Factory Reactor  
  39  7:13  Missile Turret  
  39  7:17  SCV x2  
  39  7:20  Marine  
  42  7:24  Medivac  
  42  7:29  Marine  
  45  7:30  SCV  
  45  7:32  SCV  
  47  7:37  Marine  
  47  7:42  SCV  
  47  7:44  SCV  
  47  7:55  SCV  
  48  7:59  Factory Reactor  
  48  8:02  SCV  
  48  8:04  Marine  
  50  8:07  Marine x2, SCV  
  53  8:14  SCV  
  53  8:16  Bunker  
  54  8:24  SCV, Marine  
  54  8:25  Supply Depot, Marine x2  
  54  8:26  Supply Depot  
  58  8:27  SCV  
Tags
 
Add a new tag
Caveats
  • Supply blocks, unpowered buildings, or Contaminate may cause inaccurate times.
  • Supply counts are checked every 10 seconds.